 Dungeon Crawl Stone Soup version 0.19.0-9-gfd783f2 (webtiles) character file.

89 Firebatgyro the Slasher (level 4, -1/31 HPs)
             Began as a High Elf Abyssal Knight on Nov 7, 2016.
             Was a Believer of Lugonu.
             Slain by Purgy (4 damage)
             ... on level 3 of the Dungeon.
             The game lasted 00:03:32 (1802 turns).

Firebatgyro the Slasher (High Elf Abyssal Knight)   Turns: 1802, Time: 00:03:33

Health: -1/31      AC:  6    Str: 12    XL:     4   Next: 31%
Magic:  7/7        EV: 12    Int: 16    God:    Lugonu [**....]
Gold:   142        SH:  0    Dex: 14    Spells: 0 memorised, 3 levels left

rFire  . . .     SeeInvis +     a - +1 falchion
rCold  + . .     Gourm    .     b - +0 leather armour
rNeg   . . .     Faith    .     (no shield)
rPois  .         Spirit   .     d - +2 helmet {SInv}
rElec  .         Reflect  .     (no cloak)
rCorr  .         Harm     .     (no gloves)
MR     .....                    (no boots)
Stlth  +.........               (no amulet)
                                (no ring)
                                w - ring of protection from cold

@: no status effects
A: no striking features
a: Depart the Abyss, Bend Space, Renounce Religion


You were on level 3 of the Dungeon.
You worshipped Lugonu.
Lugonu was pleased with you.
You were not hungry.

You visited 1 branch of the dungeon, and saw 3 of its levels.
You visited the Abyss 1 time.

You collected 142 gold pieces.

Inventory:

Hand Weapons
 a - a +1 falchion (weapon)
 y - a +0 blowgun
Missiles
 p - 4 tomahawks (quivered)
 A - 15 arrows
Armour
 b - a +0 leather armour (worn)
 d - a +2 helmet of see invisible (worn)
Jewellery
 w - a ring of protection from cold (left hand)
Scrolls
 i - a scroll of identify {unknown}
 l - a scroll of amnesia {unknown}
 n - 2 scrolls of remove curse {unknown}
 o - a scroll of teleportation {unknown}
 q - a scroll of enchant armour {unknown}
 u - a scroll of random uselessness {unknown}
 v - a scroll of blinking {unknown}
 B - a scroll of fear {unknown}
Potions
 e - a potion of magic {unknown}
 g - 3 potions of cancellation {unknown}
 h - a potion of agility {unknown}
 j - 3 potions of curing {unknown}
 k - 2 potions of resistance {unknown}
 m - 2 potions of mutation {unknown}
 s - a potion of berserk rage {unknown}
 t - a potion of heal wounds {unknown}
 x - a potion of lignification {unknown}
Comestibles
 c - 2 bread rations
 f - 2 meat rations
 r - 3 fruits
 C - 4 chunks of flesh


   Skills:
 - Level 3.0 Fighting
 + Level 4.7 Long Blades
 - Level 0.8 Armour
 - Level 2.1 Dodging
 + Level 3.2 Invocations


You had 3 spell levels left.
You didn't know any spells.

Dungeon Overview and Level Annotations

Branches:
Dungeon (3/15)

Altars:
Okawaru
Ru
Sif Muna
Uskayaw

Annotations:
D:3 Purgy


Message History

There is an open gate here.
Throwing (i - inventory):
p - 5 tomahawks (quivered)
Press: ? - help, Shift-Dir - straight line, f/p - Purgy
Aim: Purgy (severely wounded, poisoned)
You throw a tomahawk. The tomahawk hits Purgy.
Purgy is almost dead.
Purgy bites you but does no damage. Purgy claws you but does no damage.
Purgy claws you.
* * * LOW HITPOINT WARNING * * *
Okay, then.
Really attack while wielding your +0 blowgun? [Y]es or [N]o only, please.
Really attack while wielding your +0 blowgun?
Okay, then.
Wield which item (- for none, * to show all)? (? for menu, Esc to quit)
a - a +1 falchion (weapon)
You hit Purgy but do no damage.
Purgy is severely wounded.
Purgy bites you.
You die...

#....##..#.######
#...............#
#...###..#.####.#
............# #.#
#...#######.# #.##
##..# #.# #..# #..#
#.# ##.### #..# #.#
#...# ...# #.# #@''#
###.# #.# #T..# #.#
#.# #(..# ..# #...#
#...# #...# #...#
#.†(#
##########.##########


You could see Purgy.

Vanquished Creatures
  2 adders (D:3)
  3 oozes
  A worm (D:3)
  A dart slug (D:1)
  2 leopard geckos
  6 bats
  3 giant cockroaches
  4 goblins (D:2)
  7 hobgoblins
  A quokka (D:3)
  2 ball pythons (D:3)
  3 frilled lizards
  11 kobolds
  5 rats
51 creatures vanquished.

Notes
Turn   | Place    | Note
-------+----------+-------------------------------------------
     0 | Abyss:1  | Firebatgyro the High Elf Abyssal Knight began the quest for the Orb.
     0 | Abyss:1  | Reached XP level 1. HP: 16/16 MP: 3/3
     8 | D:1      | Escaped the Abyss
    87 | D:1      | Reached skill level 3 in Long Blades
    87 | D:1      | Reached XP level 2. HP: 20/21 MP: 4/4
   583 | D:1      | Reached XP level 3. HP: 26/26 MP: 6/6
   777 | D:2      | Found a deep blue altar of Sif Muna.
   843 | D:2      | Reached ** piety under Lugonu
   922 | D:2      | Reached skill level 4 in Long Blades
  1168 | D:2      | Found a hide-covered altar of Uskayaw.
  1186 | D:3      | Noticed Purgy
  1239 | D:3      | Found an iron altar of Okawaru.
  1318 | D:3      | Found a sacrificial altar of Ru.
  1480 | D:3      | Reached XP level 4. HP: 24/31 MP: 7/7
  1802 | D:3      | Slain by Purgy

Skill      XL: |  1  2  3 |
---------------+----------+-----
Long Blades    | 3 4 |  4.7
Invocations    | 3 |  3.2
Fighting       | |  3.0
Armour         | |  0.8
Dodging        | |  2.1

Action                   |  1- 3 |  4- 6 || total
-------------------------+-------+-------++-------
Melee: Falchion          |   115 |    22 ||   137
 Fire: Blowgun           |       |    20 ||    20
Throw: Tomahawk          |       |     1 ||     1
 Stab: Distracted        |     1 |       ||     1
  Eat: Chunk             |     1 |     2 ||     3
       Pizza             |       |     1 ||     1
Armor: Leather armour    |    46 |    18 ||    64
Dodge: Dodged            |    85 |    36 ||   121
       Rpst.: Falchion   |    21 |     4 ||    25
